Map: Temple gelé

Players

InVasioN - Winner!

  • Race: Protoss Protoss
  • League: Platinum
  • Spawn Location: 11:00

zidar

  • Race: Zerg Zerg
  • League: Platinum
  • Spawn Location: 5:00

VOD

Have the link to the VOD?

Description

Time

  • Played on: Oct. 12, 2016, 11:48 a.m.
  • Length: 5:14
Show
View Real Time Build Order
Export as new Build Order

InVasioN Protoss - Winner!

Build Orders: Mass Adepts 

Get SALT Encoding   

  12  0:01  Probe (Chrono Boost)  
  13  0:11  Probe (Chrono Boost)  
  14  0:18  Pylon  
  14  0:22  Probe (Chrono Boost)  
  15  0:36  Probe (Chrono Boost)  
  15  0:41  Gateway  
  16  0:47  Probe (Chrono Boost)  
  17  0:51  Assimilator  
  17  0:57  Probe (Chrono Boost)  
  18  1:08  Probe (Chrono Boost)  
  19  1:23  Probe (Chrono Boost)  
  20  1:30  Gateway  
  20  1:36  Cybernetics Core  
  20  1:48  Assimilator  
  20  1:51  Pylon  
  20  1:53  Probe (Chrono Boost)  
  21  1:57  Pylon  
  21  2:03  Probe (Chrono Boost)  
  22  2:13  Adept (Chrono Boost)  
  24  2:17  Stalker (Chrono Boost)  
  24  2:19  Warp Gate (Chrono Boost)  
  26  2:24  Probe  
  27  2:36  Probe  
  28  2:39  Gateway  
  28  2:47  Adept  
  30  2:55  Adept  
  32  3:02  Pylon  
  32  3:06  Gateway  
  32  3:16  Adept  
  36  3:45  Pylon  
  36  3:54  Pylon  
  34  4:06  Adept  
  34  4:07  Adept x3  
  42  4:15  Pylon  
  42  4:28  Stalker x2  
  42  4:29  Adept, Stalker  
  50  4:56  Adept x3  
  50  4:57  Adept  
Show
View Real Time Build Order
Export as new Build Order

zidar Zerg 

Build Orders: Hatch First 

Get SALT Encoding   

  12  0:01  Drone  
  13  0:13  Overlord  
  13  0:17  Drone  
  14  0:34  Drone x2  
  16  1:03  Hatchery  
  15  1:08  Drone  
  16  1:15  Spawning Pool  
  16  1:17  Drone  
  16  1:43  Hatchery  
  15  1:47  Extractor, Drone  
  15  1:56  Drone  
  16  2:04  Queen  
  18  2:18  Queen  
  21  2:22  Drone  
  21  2:27  Drone  
  22  2:34  Drone  
  23  2:47  Drone  
  24  2:51  Drone  
  24  2:54  Queen  
  27  3:03  Queen  
  29  3:33  Spore Crawler  
  28  3:37  Spore Crawler  
  28  3:39  Overlord x3  
  27  3:42  Metabolic Boost  
  27  4:00  Spore Crawler  
  26  4:03  Drone x5  
  26  4:09  Extractor  
  30  4:18  Drone x3  
  24  4:46  Zergling x18  
  24  4:48  Zergling x2  
Tags
 
Composition
Mass Adepts
Matchup
PvZ
Spawn Locations
Cross Positions
Add a new tag
Caveats
  • Supply blocks, unpowered buildings, or Contaminate may cause inaccurate times.
  • Supply counts are checked every 10 seconds.